 Dungeon Crawl Stone Soup version 0.27-a0-650-g8dd3ea4f36 (webtiles) character file.

Game seed: 5873900203382179065

4 jasper the Caller (level 1, -2/14 HPs)
             Began as a Hill Orc Summoner on Mar 15, 2021.
             Slain by a kobold
             ... wielding a +0 dagger
              (4 damage)
             ... on level 1 of the Dungeon.
             The game lasted 00:00:47 (614 turns).

jasper the Caller (Hill Orc Summoner)                Turns: 614, Time: 00:00:48

Health: -2/14      AC:  2    Str: 10    XL:     1   Next: 70%
Magic:  1/3        EV: 12    Int: 15    God:
Gold:   9          SH:  0    Dex: 11    Spells: 2/3 levels left

rFire    . . .     SeeInvis .   i - +0 club
rCold    + . .     Faith    .   (no shield)
rNeg     . . .     Spirit   .   a - +0 robe
rPois    .         Reflect  .   (no helmet)
rElec    .         Harm     .   (no cloak)
rCorr    .         Rampage  .   (no gloves)
Will     .....                  (no boots)
Stlth    ++........             (no amulet)
HPRegen  0.04/turn              h - ring of protection from cold
MPRegen  0.08/turn              (no ring)

@: very slightly contaminated
A: no striking features
a: no special abilities


You were on level 1 of the Dungeon.
You visited 1 branch of the dungeon, and saw 1 of its levels.

You collected 9 gold pieces.

Inventory:

Hand Weapons
 i - a +0 club (weapon)
Missiles
 d - 25 arrows
Armour
 a - a +0 robe (worn)
 f - a +0 ring mail
Jewellery
 h - a ring of protection from cold (right hand)
Scrolls
 b - a scroll of blinking {unknown}
 c - 2 scrolls of enchant armour {unknown}
 e - a scroll of fog {unknown}
 g - a scroll of identify {unknown}


   Skills:
 - Level 1.5 Dodging
 - Level 1.5 Stealth
 - Level 1.5 Spellcasting
 + Level 4.2 Summonings


You had 2 spell levels left.
You knew the following spells:

 Your Spells              Type           Power      Damage    Failure   Level
a - Summon Small Mammal   Summ           56%        N/A       4%          1

Your spell library contained the following spells:

 Spells                   Type           Power      Damage    Failure   Level
 Call Imp                 Summ           14%        N/A       6%          2
 Call Canine Familiar     Summ           14%        N/A       12%         3
 Summon Guardian Golem    Hex/Summ       7%         N/A       28%         3
 Summon Ice Beast         Ice/Summ       7%         N/A       67%         4
 Summon Lightning Spire   Summ/Air       7%         N/A       67%         4


Dungeon Overview and Level Annotations

Branches:
Dungeon (1/15)

Altars:


Message History

You now have 0/3 mp.
You swap places.
Your rat bites the goblin.
Your bat completely misses the goblin.
Your rat barely misses the goblin.
You swap places.
Your bat hits the goblin. The goblin barely misses you.
Your rat bites the goblin.
You barely miss the goblin.
The goblin is severely wounded.
Your bat hits the goblin.
The goblin dies!
No target in view!
Your rat disappears in a puff of smoke!
Your rat disappears in a puff of smoke!
Your bat disappears in a puff of smoke!
Magic restored.
A hobgoblin comes into view.
MP restored: 3 A hobgoblin is nearby!
A hobgoblin is nearby! 2 kobolds come into view.
The hobgoblin shouts!
You closely miss the kobold.
The kobold shouts!
You hear a shout!
The kobold hits you with a +0 whip. The kobold barely misses you.
You take 4 damage, and have 10/14 hp.
MASSIVE DAMAGE!!
Casting: Summon Small Mammal (safe; 4% risk of failure)
Press: ? - help, Q - select action Dir - look around, f - activate You miscast Summon Small Mammal.
You are very lightly contaminated with residual magic.
Nothing appears to happen.
The kobold misses you.
A hobgoblin comes into view. It is wielding a +0 club.
The kobold closely misses you.
You now have 2/3 mp.
Casting: Summon Small Mammal (safe; 4% risk of failure)
Press: ? - help, Q - select action Dir - look around, f - activate The kobold hits you with a +0 whip!
Ouch! That really hurt!
* * * LOW HITPOINT WARNING * * *
The kobold hits you with a +0 dagger.
You die...

#.#....+.........
#......#.########
###.....#.#######
..#.............#
#.#.............#
..
#.#.##..........#
....
#.#.#############
.....##K#.#
......K@#.#
......g..r#
....g###### #.#.
# #


You could see 2 hobgoblins, 2 kobolds and a friendly rat (summoned).

Vanquished Creatures (collateral kills)
  3 goblins (D:1)
  A kobold (D:1)
  A bat (D:1)
  A frilled lizard (D:1)
6 creatures vanquished.

Notes
Turn   | Place    | Note
-------+----------+-------------------------------------------
     0 | D:1      | jasper the Hill Orc Summoner began the quest for the Orb.
     0 | D:1      | Reached XP level 1. HP: 14/14 MP: 3/3
   614 | D:1      | Slain by a kobold

Illustrated notes

Levels and vault maps discovered:
D:1:      minmay_arrival_cross, layout_basic

Action                   || total
-------------------------++-------
Melee: Club              ||     3
       Unarmed           ||     3
 Cast: Summon Small Mamm ||    14
Dodge: Dodged            ||    10

Table legend: (Time is in decaauts)
 A = Elapsed time spent in this place.
 B = Non-inter-level travel time spent in this place.
 C = Inter-level travel time spent in this place.
 D = Time resting spent in this place.
 E = Time spent auto-exploring this place.
 F = Levels seen in this place.
 G = Mean time per level.
                   A        B        C        D        E       F      G
               +--------+--------+--------+--------+--------+-----+--------+
         Total |    613 |    592 |     21 |    205 |    286 |   1 |  613.0 |
       Dungeon |    613 |    592 |     21 |    205 |    286 |   1 |  613.0 |
               +--------+--------+--------+--------+--------+-----+--------+

Top non-repeatable levels by time:
     D:1: 613 daAuts
